 Dungeon Crawl Stone Soup version 0.30.1-3-gfc49f6343a (webtiles) character file.

Game seed: 12033393086984572380

54562 Wiggles the Executioner (level 14, -3/133 HPs)
             Began as a Minotaur Berserker on July 18, 2023.
             Was the Champion of Trog.
             Slain by an orc warrior
             ... wielding a +0 hand axe
              (7 damage)
             ... on level 2 of the Orcish Mines.
             The game lasted 00:34:02 (14704 turns).

Wiggles the Executioner (Minotaur Berserker)       Turns: 14704, Time: 00:34:02

Health: -3/133     AC: 24    Str: 39    XL:     14   Next: 35%
Magic:  13/13      EV: 10    Int:  4    God:    Trog [******]
Gold:   1581       SH:  0    Dex: 10    Spells: 13/13 levels left

rFire   + . .        b - +7 executioner's axe (heavy)
rCold   + . .        (shield currently unavailable)
rNeg    + . .        w - +3 plate armour
rPois   .            C - +2 hat
rElec   .            u - scarf of Disappointment {rC+ rF+, rN+}
rCorr   .            (no gloves)
SInv    .            B - +2 pair of boots
Will    +....        h - amulet of regeneration Stlth
                     R - +6 ring of strength
HPRegen 1.22/turn    j - +6 ring of strength
MPRegen 0.13/turn

%: no passive effects
@: no status effects
A: horns 2, retaliatory headbutt
a: Renounce Religion, Berserk, Trog's Hand, Brothers in Arms


You were on level 2 of the Orcish Mines.
You worshipped Trog.
Trog was exalted by your worship.
You visited 3 branches of the dungeon, and saw 19 of its levels.
You also visited: Sewer and Ossuary.

You collected 1695 gold pieces.
You spent 114 gold pieces at shops.

Inventory:

Hand Weapons
 b - a +7 heavy executioner's axe (weapon)
 p - a +1 war axe
Missiles
 m - 3 throwing nets (quivered)
Armour
 u - the scarf of Disappointment (worn) {rC+ rF+, rN+}
   (You acquired it on level 1 of the Orcish Mines)

   rN:        It protects you from negative energy.
 w - a +3 plate armour (worn)
 B - a +2 pair of boots (worn)
 C - a +2 hat (worn)
 K - a scarf of invisibility
 M - a +1 cloak of willpower
Jewellery
 e - an amulet of the acrobat
 f - a ring of flight
 h - an amulet of regeneration (around neck)
 j - a +6 ring of strength (right hand)
 k - a +6 ring of dexterity
 q - a +4 ring of protection
 v - a ring of poison resistance
 z - a +5 ring of evasion
 A - a +6 ring of dexterity
 R - a +6 ring of strength (left hand)
 T - a ring of resist corrosion
Wands
 g - a wand of flame (1)
 y - a wand of paralysis (8)
 H - a wand of roots (9)
 L - a wand of light (9)
 P - a wand of polymorph (3)
Scrolls
 d - 13 scrolls of teleportation
 n - a scroll of butterflies
 E - 5 scrolls of blinking
 G - 2 scrolls of magic mapping
 S - 2 scrolls of fog
Potions
 a - 2 potions of invisibility
 i - 3 potions of lignification
 l - 2 potions of flight
 o - a potion of cancellation
 r - 2 potions of ambrosia
 s - 4 potions of resistance
 t - 5 potions of mutation
 x - 4 potions of curing
 F - 6 potions of berserk rage
 I - 3 potions of haste
 J - a potion of attraction {unknown}
 N - a potion of magic {unknown}
 O - 3 potions of might


   Skills:
 + Level 14.5 Fighting
 + Level 22.4 Axes
 + Level 13.2 Armour
 + Level 4.0 Dodging
 + Level 2.6 Stealth
 + Level 0.1 Evocations


You had 13 spell levels left.
You didn't know any spells.
Your spell library was empty.

Dungeon Overview and Level Annotations

Branches:
Dungeon (12/15)            Temple (0/1) D:7            Lair (5/5) D:9
  Swamp (0/4) Lair:2        Snake (0/4) Lair:2        Slime (0/5) Lair:4
    Orc (2/2) D:11            Elf (0/3) Orc:2         Sewer (visited)
Ossuary (visited)

Altars:
Hepliaklqana
Kikubaaqudgha
Trog
Vehumet
Yredelemnul
Zin
Jiyva

Shops:
D:6 *   D:9 *

Annotations:
D:7 2 transporters, Sanktem7's ghost, novice MiFi
D:12 2 transporters, suzumiya's ghost, journeyman MiGl
Lair:4 exclusion: oklob plant


Innate Abilities, Weirdness & Mutations

You have a pair of horns on your head.
You reflexively headbutt those who attack you in melee.


Message History

The orc knight hits you with a +0 broad axe!!
* * * LOW HITPOINT WARNING * * *
You open the orc knight like a pillowcase!!!
You headbutt the orc knight.
The orc knight is severely wounded.
You closely miss the orc warrior. You chop the orc warrior into pieces!!!
You kill the orc warrior!
Trog accepts your kill.
The orc warrior hits you from afar with a +0 halberd.
* * * LOW HITPOINT WARNING * * *
The orc warrior unwields a +0 arbalest.
The orc warrior wields a +0 glaive.
The orc warrior completely misses you.
The orc knight hits you with a +0 broad axe!
* * * LOW HITPOINT WARNING * * *
The orc warrior jeers loudly.
The orc warrior barely misses you.
You feel better. The orc warrior barely misses you.
The orc knight hits you but does no damage.
The orc warrior hits you but does no damage.
You feel better.
The orc warrior no longer looks unusually strong. x2
The orc warrior hits you with a +0 glaive!
* * * LOW HITPOINT WARNING * * *
The orc knight hits you but does no damage.
An orc warrior comes into view. It is wielding a +0 short sword.
The orc warrior hits you from afar with a +0 halberd.
* * * LOW HITPOINT WARNING * * *
The orc warrior hits you with a +0 hand axe.
* * * LOW HITPOINT WARNING * * *
You feel better.
The orc warrior hits you with a +0 glaive!
* * * LOW HITPOINT WARNING * * *
The orc knight hits you but does no damage.
The orc warrior misses you.
The orc warrior curses to no one in particular.
An orc warrior comes into view. It is wielding a +0 long sword.
The orc warrior hits you with a +0 battleaxe of electrocution.
* * * LOW HITPOINT WARNING * * *
The orc warrior hits you with a +0 hand axe!
You die...

......#......#..>.##
....................#
≈......#...........##
≈≈.....#............#
...................##
.oo.....o..#......##
≈≈..ooo#oo.........#
≈....oo#oo....##..##
....oooo@o...## ..#
.....oc#..#.## .##
......##...## .##..#
...## .... ...## ....
....# ... ......
.........# ....<...


You could see 2 orc knights, 13 orc warriors, a centaur and 2 orcs.

Vanquished Creatures
  Rupert (Lair:5)
  Snorg (D:12)
  A merfolk avatar (Lair:5)
  3 hydras
  A catoblepas (D:9)
  A two-headed ogre (D:9)
  2 skysharks
  Amaemon (Lair:2)
  2 sea snakes (Lair:5)
  A bog body (Lair:2)
  A lindwurm (Lair:5)
  A harpy (Lair:5)
  A necromancer (Lair:2)
  An orc knight (Orc:2)
  An ugly thing (D:12)
  A cyclops (D:12)
  An orc sorcerer (Orc:2)
  A manticore (D:11)
  Joseph (D:8)
  6 black mambas
  A gargoyle (D:11)
  3 torpor snails
  24 cane toads
  An orange demon (Lair:2)
  Maggie (D:6)
  2 rime drakes (Lair:5)
  10 komodo dragons
  An unseen horror zombie (D:10)
  3 kobold demonologists (D:12)
  3 trolls
  5 polar bears
  A hornet (D:8)
  A wind drake (Lair:5)
  19 blink frogs
  10 dream sheep (Lair:3)
  Prince Ribbit (D:6)
  4 shadows
  3 wraiths
  A vampire (D:11)
  9 wyverns
  31 yaks
  Eustachio (D:5)
  5 basilisks
  2 steam dragons (D:7)
  Grum (D:11)
  7 vampire mosquitoes
  Menkaure (D:6)
  3 acid dragons
  25 water moccasins
  2 sky beasts (D:7)
  2 ice beasts (D:6)
  9 orc warriors
  2 black bears
  4 centaurs
  10 wolves
  2 ogres
  2 phantoms
  A kobold brigand (D:8)
  2 elf zombies (D:7)
  11 bullfrogs
  3 gnoll sergeants
  3 water moccasin zombies (Ossuary)
  2 necrophages (D:10)
  An elf skeleton (D:7)
  A scorpion (D:6)
  7 wights (D:10)
  9 killer bees
  2 electric eels
  3 howler monkeys
  3 centaur zombies (D:10)
  A jelly (D:6)
  2 hounds
  2 human skeletons (D:7)
  11 orc priests
  Crazy Yiuf (D:7)
  A human zombie (D:10)
  A sleepcap (D:4)
  8 iguanas
  15 orc wizards
  3 polar bear simulacra (Lair:2)
  2 wolf simulacra (Lair:2)
  3 yak simulacra (Lair:2)
  3 mummies
  15 gnolls
  14 adders
  An ufetubus (D:4)
  5 adder zombies (Ossuary)
  5 worms
  2 dart slugs
  79 orcs
  13 endoplasms
  4 giant cockroaches
  2 gnoll zombies (Ossuary)
  9 goblins
  7 hobgoblins
  3 jackals (D:3)
  4 quokkas (Sewer)
  14 ball pythons
  6 bats
  11 frilled lizards
  5 hobgoblin zombies (Ossuary)
  15 kobolds
  5 kobold zombies (Ossuary)
  6 orc skeletons (D:7)
  6 orc zombies (Ossuary)
  7 rats
  3 river rat simulacra (Lair:2)
583 creatures vanquished.

Vanquished Creatures (collateral kills)
  An orc warrior (Orc:2)
  An ogre (Orc:2)
  A centaur (Orc:2)
3 creatures vanquished.

Grand Total: 586 creatures vanquished

Notes
Turn   | Place    | Note
-------+----------+-------------------------------------------
     0 | D:1      | Wiggles the Minotaur Berserker began the quest for the Orb.
     0 | D:1      | Reached XP level 1. HP: 19/19 MP: 0/0
   436 | D:1      | Reached XP level 2. HP: 20/27 MP: 1/1
   497 | D:1      | Reached skill level 4 in Axes
  1322 | D:2      | Reached XP level 3. HP: 33/33 MP: 2/2
  1391 | D:2      | Found a faded altar of an unknown god.
  1656 | D:3      | Reached ** piety under Trog
  1816 | D:3      | Reached skill level 5 in Axes
  1816 | D:3      | Reached XP level 4. HP: 33/36 MP: 3/3
  1976 | D:3      | Reached XP level 5. HP: 28/47 MP: 4/4
  2397 | D:4      | Reached *** piety under Trog
  2502 | D:4      | Reached skill level 6 in Axes
  2613 | D:4      | Reached XP level 6. HP: 44/53 MP: 5/5
  2843 | D:5      | Entered Level 5 of the Dungeon
  2980 | D:5      | Reached skill level 5 in Fighting
  2980 | D:5      | Reached skill level 7 in Axes
  3036 | D:5      | Noticed Eustachio
  3050 | D:5      | Reached XP level 7. HP: 61/61 MP: 6/6
  3059 | D:5      | Killed Eustachio
  3060 | D:5      | Reached skill level 5 in Armour
  3073 | D:5      | Reached skill level 8 in Axes
  3366 | D:5      | Identified a scroll of acquirement
  3366 | D:5      | Acquired a +4 heavy executioner's axe
  3445 | D:6      | Noticed Menkaure
  3450 | D:6      | Killed Menkaure
  3549 | D:6      | Reached XP level 8. HP: 67/70 MP: 7/7
  3557 | D:6      | Noticed Prince Ribbit
  3562 | D:6      | Identified the +2 leather armour of the Sacrificial Victim
                  | {Harm Str+3}
  3567 | D:6      | Killed Prince Ribbit
  3568 | D:6      | Reached skill level 9 in Axes
  3736 | D:6      | Found a glowing drain.
  3746 | D:6      | Reached **** piety under Trog
  3751 | Sewer    | Entered a sewer
  3842 | Sewer    | Reached skill level 10 in Axes
  4113 | D:6      | Found Pafeoshac's Overcharged Wands.
  4136 | D:6      | Noticed Maggie
  4142 | D:6      | Killed Maggie
  4143 | D:6      | Reached skill level 11 in Axes
  4143 | D:6      | Reached XP level 9. HP: 70/79 MP: 8/8
  4712 | D:7      | Found a radiant altar of Vehumet.
  4714 | D:7      | Found a glowing silver altar of Zin.
  4915 | D:7      | Reached skill level 12 in Axes
  4962 | D:7      | Found a staircase to the Ecumenical Temple.
  5040 | D:7      | Found a transporter.
  5042 | D:7      | Found a transporter.
  5043 | D:7      | Noticed a two-headed ogre
  5045 | D:7      | Noticed a moth of wrath
  5046 | D:7      | Noticed Sanktem7's ghost (novice MiFi)
  5080 | D:7      | Found a bloodstained altar of Trog.
  5279 | D:7      | Reached ***** piety under Trog
  5286 | D:7      | Reached skill level 13 in Axes
  5299 | D:7      | Found a sand-covered staircase.
  5306 | Ossuary  | Entered an ossuary
  5809 | D:7      | Found a runed translucent door.
  5810 | D:7      | Noticed Crazy Yiuf
  5814 | D:7      | Killed Crazy Yiuf
  5890 | D:8      | Noticed Joseph
  5897 | D:8      | Killed Joseph
  5898 | D:8      | Reached XP level 10. HP: 84/90 MP: 9/9
  6275 | D:8      | Reached skill level 14 in Axes
  6617 | D:9      | Noticed a catoblepas
  6633 | D:9      | Killed a catoblepas
  6634 | D:9      | Reached skill level 1 in Stealth
  6791 | D:9      | Identified the +1 dagger "Urae" {flame, Int+4}
  6885 | D:9      | Noticed a two-headed ogre
  6892 | D:9      | Killed a two-headed ogre
  6893 | D:9      | Reached skill level 15 in Axes
  7134 | D:9      | Found a staircase to the Lair.
  7244 | D:9      | Found Ituc's Incredible Inventory.
  7252 | D:9      | Bought a scroll of enchant armour for 90 gold pieces
  7252 | D:9      | Bought a scroll of identify for 24 gold pieces
  7375 | D:10     | Entered Level 10 of the Dungeon
  7390 | D:10     | Reached XP level 11. HP: 95/99 MP: 10/10
  7560 | D:10     | Reached skill level 16 in Axes
  7605 | D:10     | Reached skill level 10 in Fighting
  7822 | D:10     | Received a gift from Trog
  7833 | D:10     | Found an ancient bone altar of Kikubaaqudgha.
  7838 | D:10     | Reached skill level 10 in Armour
  8091 | D:11     | Noticed Grum
  8100 | D:11     | Killed Grum
  8228 | D:11     | Reached skill level 17 in Axes
  8450 | D:11     | Found a basalt altar of Yredelemnul.
  8703 | D:11     | Found a staircase to the Orcish Mines.
  8943 | D:12     | Reached ****** piety under Trog
  8947 | D:12     | Received a gift from Trog
  8958 | D:12     | Reached XP level 12. HP: 107/110 MP: 11/11
  8979 | D:12     | Identified the +0 robe "Igrutzegh" {rF+ rCorr Archmagi}
  9069 | D:12     | Found a frozen archway.
  9113 | D:12     | Reached skill level 18 in Axes
  9115 | D:12     | Found a transporter.
  9122 | D:12     | Found a transporter.
  9129 | D:12     | Noticed a five-headed hydra
  9129 | D:12     | Noticed a catoblepas
  9130 | D:12     | Noticed suzumiya's ghost (journeyman MiGl)
  9130 | D:12     | Found the ring of Shadows {Umbra +Inv Stlth+}
  9173 | D:12     | Noticed Snorg
  9179 | D:12     | Killed Snorg
  9698 | Lair:1   | Entered Level 1 of the Lair of Beasts
 10447 | Lair:1   | Reached skill level 19 in Axes
 10812 | Lair:2   | Found a staircase to the Swamp.
 10814 | Lair:2   | Noticed Amaemon
 10824 | Lair:2   | Killed Amaemon
 10920 | Lair:2   | Found a staircase to the Snake Pit.
 11131 | Lair:2   | Reached XP level 13. HP: 113/119 MP: 12/12
 11134 | Lair:2   | Received a gift from Trog
 11375 | Lair:2   | Reached skill level 20 in Axes
 11994 | Lair:3   | Found a hazy altar of Hepliaklqana.
 12482 | Lair:4   | Reached skill level 21 in Axes
 12850 | Lair:4   | Found a viscous altar of Jiyva.
 12956 | Lair:4   | Found a staircase to the Slime Pits.
 13301 | Lair:5   | Entered Level 5 of the Lair of Beasts
 13473 | Lair:5   | Received a gift from Trog
 13522 | Lair:5   | Noticed Rupert
 13528 | Lair:5   | Killed Rupert
 13529 | Lair:5   | Reached XP level 14. HP: 132/132 MP: 13/13
 13577 | Lair:5   | Reached skill level 22 in Axes
 13716 | Lair:5   | Identified the +4 falchion of the Crawling Thing {freeze,
                  | rPois rN++ Will+ Int-3}
 13805 | Lair:5   | Found the +11 plutonium sword {Contam Stlth-}
 14408 | Orc:1    | Entered Level 1 of the Orcish Mines
 14554 | Orc:1    | Acquired the scarf of Disappointment {rC+ rF+, rN+}
 14567 | Orc:2    | Entered Level 2 of the Orcish Mines
 14592 | Orc:2    | Paralysed by an orc sorcerer for 5 turns
 14669 | Orc:2    | Found a staircase to the Elven Halls.
 14704 | Orc:2    | HP: 4/133 [orc warrior/+0 battleaxe of electrocution (4)]
 14704 | Orc:2    | Slain by an orc warrior

Illustrated notes

Levels and vault maps discovered:
D:1:      zelgadis_glass_arrival_small, layout_basic, st_stairs_5
D:2:      layout_basic, hellmonk_ecumenical_altar_zigzags, minivault_4,
          skrybe_limestone_x, kennysheep_path_1
D:3:      layout_loops_ring
D:4:      layout_rooms
D:5:      layout_rooms, uniq_eustachio
D:6:      layout_layer_cave, cheibrodos_sewer_entry_bend,
          nicolae_shop_overcharged_wands, uniq_menkaure, uniq_prince_ribbit1,
          uniq_maggie
D:7:      layout_loops_corners, chequers_temple_overflow_statue_of_worship,
          temple_doors_e, gammafunk_ghost_wrathful_warriors,
          nicolae_ossuary_entry_catacombs, hangedman_decor_push,
          uniq_crazy_yiuf_cottage
D:8:      layout_basic, uniq_joseph
D:9:      layout_roguey, erik_lair_dragon, minmay_gold_behind_fungi,
          nicolae_alphabet_shops
D:10:     layout_basic, lemuel_mausoleum_altar_kikubaaqudgha
D:11:     layout_loops_corners, hiddenorc2_lemuel, yredelemnul_altar_generic,
          uniq_grum
D:12:     layout_long_grid, gammafunk_ghost_berserking_beasts,
          portal_ice_cave_entry_pillars_2, small_statue_alley_a, uniq_snorg
Lair:1:   layout_cave_pods, infiniplex_staircase_pool_2
Lair:2:   layout_hall_layers, skrybe_swamp_entry_bodies,
          minmay_snake_entry_six_corridors, eino_house_with_fridge,
          infiniplex_staircase_pool, uniq_amaemon
Lair:3:   layout_long_grid, basic_altar
Lair:4:   layout_long_grid, minmay_slime_entry_oklob_open, beast_lair_carwin_6
Lair:5:   gammafunk_lair_ancient_temple, layout_gridlike, serial_bayou_ford_a,
          lemuel_fruit_fields, uniq_rupert
Orc:1:    layout_diamond_mine, serial_shops, nicolae_shop_statue_plus
Orc:2:    st_orc_rangers, layout_caves

Skill      XL: |  1  2  3  4  5  6  7  8  9 10 11 12 13 14 |
---------------+-------------------------------------------+-----
Axes           | 4 5 6 7 8 11 13 15 17 19 21 22 | 22.4
Fighting       | 4 5 6 7 8 9 11 12 14 | 14.5
Armour         | 3 4 6 7 8 9 10 11 12 13 | 13.2
Dodging        | 3 4 |  4.0
Stealth        | 1 2 |  2.6
Evocations     | |  0.1

Action                     |  1- 3 |  4- 6 |  7- 9 | 10-12 | 13-15 || total
---------------------------+-------+-------+-------+-------+-------++-------
  Melee: Hand axe          |    82 |     3 |       |       |       ||    85
         Headbutt          |     9 |    12 |    26 |    55 |    35 ||   137
         War axe           |       |    92 |    12 |       |       ||   104
         Punch             |       |     1 |       |       |       ||     1
         Executioner's axe |       |       |   222 |   309 |   239 ||   770
 Invoke: Berserk           |       |     1 |       |     1 |     2 ||     4
         Brothers in Arms  |       |       |       |       |     1 ||     1
  Evoke: Wand              |       |       |       |       |     1 ||     1
    Use: Scroll            |       |       |    19 |    11 |     5 ||    35
         Potion            |       |       |       |     3 |     5 ||     8
   Stab: Distracted        |       |       |       |     1 |       ||     1
 Armour: Ring mail         |    37 |     2 |       |       |       ||    39
         Animal skin       |     2 |       |       |       |       ||     2
         Chain mail        |       |    56 |       |       |       ||    56
         Plate armour      |       |    15 |   157 |   223 |   234 ||   629
  Dodge: Dodged            |    49 |    55 |   225 |   274 |   176 ||   779
